Cogmind - Beta 17 *** ADVENTURER MODE // 2026.06.30 @ 11:31:41 Player: ginkogruen Result: Destroyed by G-47 Trooper with Particle Gun Performance ------------- Evolutions (1) 500 Regions Visited (3) 600 Robots Destroyed (45) 225 Value Destroyed (929) 929 Prototype IDs (1) 20 Alien Tech Used (0) 0 Bonus (0) 0 TOTAL SCORE: 2274 Bonus ------- None Cogmind --------- Core Integrity 0/400 Matter 42/300 Energy 230/250 System Corruption 18% Temperature Cool (9) Movement Walking (190) Ox1 Location -9/Mines Parts ------- > --- POWER (1) -------- Ion Engine > --- PROPULSION (2) --- Aluminum Leg Aluminum Leg > --- UTILITY (4) ------ Large Storage Unit Trap Scanner Improved Signal Interpreter ECM Suite > --- WEAPON (2) ------- Advanced Beam Cannon > --- INVENTORY (15) --- Cooled Ion Engine Cooled Ion Engine Aluminum Leg Aluminum Leg Aluminum Leg Structural Scanner Trap Scanner Improved Signal Interpreter Hardened Light Armor Plating Hardened Light Armor Plating EM Pulse Gun Advanced Beam Cannon Datajack Peak State ------------ > --- POWER ------------ Ion Engine > --- PROPULSION ------- Aluminum Leg Aluminum Leg > --- UTILITY ---------- Large Storage Unit Trap Scanner Improved Signal Interpreter ECM Suite > --- WEAPON ----------- Light Cannon Mini Grenade Launcher > --- INVENTORY -------- Cooled Ion Engine Cooled Ion Engine Aluminum Leg Aluminum Leg Aluminum Leg Structural Scanner Trap Scanner Improved Signal Interpreter Hardened Light Armor Plating Hardened Light Armor Plating EM Pulse Gun Datajack [Rating: 16] Favorites ----------- Power Ion Engine Engine Ion Engine Propulsion Aluminum Leg Treads Light Treads Leg Aluminum Leg Wheel Wheel Utility Large Storage Unit Device Structural Scanner Storage Large Storage Unit Processor Improved Signal Interpreter Weapon Grenade Launcher Energy Gun EM Pulse Gun Ballistic Gun Assault Rifle Ballistic Cannon Light Cannon Launcher Grenade Launcher Build | -11 -10 -9 -9 ------- Run | Yrd Mat Mat Min Slots Evolved 2 | . . 2 . Power . | . . . . Propulsion . | . . . . Utility 2 | . . 2 . Weapon . | . . . . Parts Attached 32 | 7 4 20 1 Power 4 | 2 . 2 . Engine 4 | 2 . 2 . Core . | . . . . Reactor . | . . . . Propulsion 10 | 2 . 8 . Treads 1 | . . 1 . Leg 7 | 2 . 5 . Wheel 2 | . . 2 . Hover . | . . . . Flight . | . . . . Utility 8 | 1 3 4 . Device 4 | . 1 3 . Storage 3 | 1 2 . . Processor 1 | . . 1 . Hackware . | . . . . Protection . | . . . . Artifact . | . . . . Weapon 10 | 2 1 6 1 Energy Gun 1 | 1 . . . Energy Cannon 1 | . . . 1 Ballistic Gun 1 | 1 . . . Ballistic Cannon 3 | . . 3 . Launcher 4 | . 1 3 . Special Weapon . | . . . . Impact Weapon . | . . . . Slashing Weapon . | . . . . Piercing Weapon . | . . . . Special Melee Weapon . | . . . . Unidentified Prototypes 1 | . . . 1 Corrupted Parts 2 | . . 2 . System Corruption 12 | . . 12 . Parts Lost 16 | . . 16 . Power 2 | . . 2 . Propulsion 4 | . . 4 . Utility 2 | . . 2 . Weapon 8 | . . 8 . Highest Loss Streak 10 | . . 10 . To Critical Strikes . | . . . . Average Backups 10 | 2 9 11 14 Power . | . 1 . 2 Propulsion 3 | 1 4 1 3 Utility 3 | . 1 5 5 Weapon 2 | . 2 3 3 Tool/Special . | . . . . Unused Backups 18 | . 3 3 12 Power 2 | . . . 2 Propulsion 8 | . 3 3 2 Utility 5 | . . . 5 Weapon 2 | . . . 2 Tool/Special 1 | . . . 1 Average Slot Usage (%) 94 | . 98 88 77 Engine 12 | . 14 8 11 Leg 23 | . 28 16 22 Wheel 1 | . . 3 . Device 15 | . 12 20 22 Storage 13 | . 14 11 11 Processor 2 | . . 7 11 Energy Gun 10 | . 14 2 . Ballistic Cannon 1 | . . 4 . Launcher 12 | . 13 10 . Peak Build Rating 16 | 6 8 16 13 Average Rating 8 | 5 7 11 13 On Entrance 6 | . 6 8 13 Avg Prop Armor Cover (%) 9 | . . 9 . Naked Turns . | . . . . Heaviest Build 34 | 14 31 34 29 Greatest Support 20 | 20 20 20 20 Greatest Overweight (x) 10 | 3 1 10 1 Average Overweight (x) . | . . 1 1 Largest Inventory Capacity 15 | 8 15 15 15 Average Capacity 13 | 7 12 15 15 Most Carried 15 | 6 12 15 14 Average Carried 10 | 2 9 11 14 Final Capacity 15 | 8 15 15 15 Final Carried 14 | 6 12 14 13 Class Distribution -------------------- 91% | Mutant 8% | Infiltrator-Mutant Dominant Class ---------------- Mutant | -10/Materials Mutant | -9/Materials Mutant | -9/Mines Resources | -11 -10 -9 -9 ----------- Run | Yrd Mat Mat Min Matter Collected 697 | 202 189 306 . Remotely . | . . . . Salvage Created 997 | . 284 713 . Parts 74 | . 25 49 . Haulers Intercepted 1 | . . 1 . Recyclers Shooed 2 | . . 2 . Parts Field Recycled . | . . . . Retrieved Matter . | . . . . Parts Self-Destructed . | . . . . Prevented . | . . . . Parts Restored . | . . . . Kills | -11 -10 -9 -9 ------- Run | Yrd Mat Mat Min Combat Hostiles Destroyed 37 | . 14 23 . Guns 6 | . 5 1 . Cannons 5 | . . 5 . AOE 26 | . 9 17 . Classes Destroyed 8 | . 4 4 . Worker 2 | . 2 . . Builder 1 | . . 1 . Hauler 1 | . . 1 . Recycler 3 | . . 3 . Watcher 1 | . 1 . . Swarmer 20 | . 9 11 . Grunt 12 | . 5 7 . Sentry 5 | . . 5 . Best Kill Streak 10 | . 5 10 . Combat Bots Only 8 | . 3 8 . Max Kills in Single Turn 5 | . 2 5 . Gunslinging . | . . . . Exploded 4 | . 2 4 . Melee . | . . . . Uniques/NPCs Destroyed . | . . . . Combat | -11 -10 -9 -9 -------- Run | Yrd Mat Mat Min Hostile Shots Fired 214 | . 47 163 4 Missed 66 | . 19 46 1 Hits 148 | . 28 117 3 Projectile 148 | . 28 117 3 AOE 1 | . . 1 . Critical Strikes 2 | . . 2 . Damage Taken 1774 | . 212 1531 31 Core 446 | . 39 395 12 Absorbed by Shields . | . . . . Ignored by Resistances 471 | . 72 391 8 Core Remaining (%) 92 | 100 84 . . Volleys Fired 61 | . 28 33 . Largest 2 | . 2 2 . Hottest 70 | . 70 70 . Shots Fired 92 | . 41 51 . Gun 34 | . 28 6 . Cannon 23 | . . 23 . Launcher 35 | . 13 22 . Special . | . . . . Kinetic 25 | . . 25 . Thermal . | . . . . Explosive 35 | . 13 22 . Electromagnetic 32 | . 28 4 . Robot Hit Streak 12 | . 5 12 . Robot Miss Streak 2 | . 2 2 . Penetration Max . | . . . . Secondary Targets . | . . . . Shots Hit Robots 63 | . 25 38 . Core Hits 63 | . 24 39 . Critical Kills . | . . . . Critical Parts Destroyed . | . . . . Critical Strikes 1 | . . 1 . Blast 1 | . . 1 . Melee Attacks . | . . . . Impact . | . . . . Slashing . | . . . . Piercing . | . . . . Sneak Attacks . | . . . . Combat Hostiles . | . . . . Follow-up Attacks . | . . . . Damage Inflicted 2592 | . 959 1633 . Guns 312 | . 250 62 . Cannons 296 | . . 296 . Explosions 1973 | . 698 1275 . Melee . | . . . . Ramming 11 | . 11 . . Kinetic 322 | . . 322 . Thermal 161 | . 71 90 . Explosive 1812 | . 627 1185 . Electromagnetic 286 | . 250 36 . Impact . | . . . . Slashing . | . . . . Piercing . | . . . . Highest Corruption 18 | . . 18 18 Average Corruption 16 | . . 16 18 Corruption Purged . | . . . . Corruption Blocked . | . . . . Effects 17 | . . 17 . Message Errors 5 | . . 5 . Matter Fused 4 | . . 4 . Heat Flow Errors 1 | . . 1 . Energy Discharges 4 | . . 4 . Data Loss (minor) 1 | . . 1 . Data Loss (major) 1 | . . 1 . Misfires 1 | . . 1 . Overload Shots . | . . . . Overflow Damage 88 | . 19 69 . Projectiles . | . . . . Explosions 88 | . 19 69 . Melee . | . . . . Knockbacks 1 | . . 1 . Impact . | . . . . Kinetic 1 | . . 1 . Secondary . | . . . . Self-Inflicted Damage 242 | . 32 210 . Shots 11 | . 3 8 . Rammed . | . . . . Targets Rammed 1 | . 1 . . Kicked 1 | . 1 . . Crushed . | . . . . Highest Temperature 212 | . 36 212 . Average Temperature 23 | . 13 38 . Received Heat Transfer 453 | . 51 378 24 Siege Activations . | . . . . Martial Activations . | . . . . Shielding Activations . | . . . . Robots Disrupted . | . . . . Combat Hostiles . | . . . . Robots Corrupted . | . . . . Combat Hostiles . | . . . . Parts Fried . | . . . . Impact Corruptions . | . . . . Robots Melted . | . . . . Combat Hostiles . | . . . . Parts Melted . | . . . . Heat Transferred 200 | . 150 50 . Parts Sabotaged . | . . . . Parts Stolen . | . . . . Parts Stripped . | . . . . Power Chain Reactions 3 | . 1 2 . Alert | -11 -10 -9 -9 ------- Run | Yrd Mat Mat Min Maximum Alert Level 1 | . . 1 . Low Security (%) 87 | 100 100 62 100 Level 1 12 | . . 37 . Level 2 . | . . . . Level 3 . | . . . . Level 4 . | . . . . Level 5 . | . . . . High Security . | . . . . Max Security . | . . . . Peak Influence 389 | . 117 389 101 Initial 101 | . . . 101 Average 69 | . 26 159 101 Influence Increases 1180 | . 421 759 . Destroy 0b10 Robot/C 740 | . 280 460 . Destroy 0b10 Robot/NC 40 | . 15 25 . Destroy Leader 154 | . 52 102 . Disable Machine 36 | . 18 18 . Destroy Structure 210 | . 56 154 . Influence Decreases 1079 | . 421 450 208 Entered New Map 208 | . . . 208 Time Decay 711 | . 421 290 . Lost Part 160 | . . 160 . Squads Dispatched 3 | . 1 2 . Investigation 1 | . 1 . . Extermination . | . . . . Reinforcement 2 | . . 2 . Assault . | . . . . Garrison . | . . . . Intercept . | . . . . Searches Triggered . | . . . . Construction Impeded 1 | . . 1 . Haulers Reinforced . | . . . . Active Scanning Responses . | . . . . Cargo Convoy Interrupts . | . . . . Stealth | -11 -10 -9 -9 --------- Run | Yrd Mat Mat Min Distress Signals 7 | . 1 6 . Communications Jammed . | . . . . Distress Signals . | . . . . Times Spotted 66 | . 25 38 3 Peak Tracking Total 9 | . 6 9 3 Tactical Retreats 3 | . . 3 . ECM-based Alert Blocks 3 | . . 3 . Traps | -11 -10 -9 -9 ------- Run | Yrd Mat Mat Min Traps Triggered 1 | . 1 . . Indirectly . | . . . . Trap Hack Attempts . | . . . . Triggered . | . . . . Disarmed . | . . . . Reprogrammed . | . . . . Reused . | . . . . Traps Extracted . | . . . . Installed . | . . . . Triggered . | . . . . Machines | -11 -10 -9 -9 ---------- Run | Yrd Mat Mat Min Machines Disabled 5 | . 2 3 . Max in Single Turn 2 | . 2 2 . Machines Repaired . | . . . . Machines Dismantled . | . . . . Machines Sabotaged . | . . . . Overloaded Fab Kills . | . . . . Hacking | -11 -10 -9 -9 --------- Run | Yrd Mat Mat Min Machines Accessed 4 | . 4 . . Terminals 3 | . 3 . . Fabricators . | . . . . Repair Stations . | . . . . Recycling Units 1 | . 1 . . Scanalyzers . | . . . . Garrison Access . | . . . . Total Hacks 9 | . 9 . . Successful 4 | . 4 . . Failed 5 | . 5 . . Catastrophic . | . . . . Database Lockouts . | . . . . Manual 3 | . 3 . . Terminals 7 | . 7 . . Fabricators . | . . . . Repair Stations . | . . . . Recycling Units 2 | . 2 . . Scanalyzers . | . . . . Garrison Access . | . . . . Terminal Hacks 2 | . 2 . . Record 2 | . 2 . . Fabricator Hacks . | . . . . Repair Station Hacks . | . . . . Recycling Unit Hacks 2 | . 2 . . Report Inventory 1 | . 1 . . Retrieve Components 1 | . 1 . . Scanalyzer . | . . . . Garrison Access Hacks . | . . . . Unauthorized Hacks . | . . . . Terminals . | . . . . Fabricators . | . . . . Repair Stations . | . . . . Recycling Units . | . . . . Scanalyzers . | . . . . Garrison Access . | . . . . Data Cores Recovered . | . . . . Used . | . . . . Hacking Detections 2 | . 2 . . Full Trace Events . | . . . . Feedback Events . | . . . . Feedback Blocked . | . . . . Robot Schematics Acquired . | . . . . Robots Built . | . . . . Authchips . | . . . . Time . | . . . . Total Robot Build Rating . | . . . . Part Schematics Acquired . | . . . . Parts Built . | . . . . Authchips . | . . . . Time . | . . . . Total Part Build Rating . | . . . . Part Studies Acquired . | . . . . Parts Repaired . | . . . . Time . | . . . . Parts Recycled . | . . . . Recycled Matter . | . . . . Retrieved Matter . | . . . . Retrieved Components 9 | . 9 . . Parts Scanalyzed . | . . . . Part Schematics Acquired . | . . . . Parts Damaged . | . . . . Bothacking | -11 -10 -9 -9 ------------ Run | Yrd Mat Mat Min Used RIF Installer . | . . . . Robots Hacked . | . . . . Non-combat . | . . . . Combat . | . . . . Robot Hacks Applied . | . . . . Relay Couplers Released . | . . . . Fabnet Peak Effective % . | . . . . Robots Rewired . | . . . . Allies Hacked . | . . . . Hacks Repelled . | . . . . Allies | -11 -10 -9 -9 -------- Run | Yrd Mat Mat Min Total Allies . | . . . . Largest Group . | . . . . Highest-Rated Group . | . . . . Highest-Rated Ally . | . . . . Total Orders . | . . . . Ally Attacks . | . . . . Total Damage . | . . . . Kills . | . . . . Allies Corrupted . | . . . . Allies Melted . | . . . . Intel | -11 -10 -9 -9 ------- Run | Yrd Mat Mat Min Active Infowar (turns) 1781 | . 1241 538 2 Terrain 356 | . . 356 . Structural 1607 | . 1241 366 . Traps 112 | . . 110 2 ECM 296 | . . 296 . Robot Analysis Total . | . . . . Derelict Logs Recovered . | . . . . Drone Launches . | . . . . Drone Recoveries . | . . . . Exploration | -11 -10 -9 -9 ------------- Run | Yrd Mat Mat Min Turns Passed 2230 | 76 1423 729 2 Spaces Moved 1078 | 50 751 276 1 Core 18 | 7 . 11 . Treads 10 | . . 10 . Legs 1033 | 43 751 238 1 Wheels 17 | . . 17 . Hover . | . . . . Flight . | . . . . Fastest Speed 50 | 50 120 95 190 Average Speed 181 | 121 175 208 190 Slowest Speed 550 | 200 190 550 190 Overloaded Moves . | . . . . Propulsion Burnouts . | . . . . Robots Hopped . | . . . . Potential Cave-ins . | . . . . Cave-ins Triggered 2 | . . 2 . Exploration Rate (%) 34 | 3 95 37 4 Regions Visited 3 Branch Regions 1 Pre-discovered Areas . | . . . . Known Exits Taken 1 | . . 1 . Unknown Exits Taken 2 | 1 1 . . Scrap Searched . | . . . . Spaces Dug . | . . . . Terrain Destroyed 227 | . 56 171 . Melee . | . . . . Projectile . | . . . . AOE 227 | . 56 171 . Terrain Rammed . | . . . . Walls Destroyed . | . . . . Machines Disabled . | . . . . Actions | -11 -10 -9 -9 --------- Run | Yrd Mat Mat Min Total 1263 | 62 821 378 2 Wait 46 | . 22 24 . Move 1075 | 49 750 275 1 Hop . | . . . . Pick Up 32 | 6 10 16 . Fast Attach 11 | 5 1 5 . Attach 13 | 1 . 11 1 Detach . | . . . . Swap 12 | 1 3 8 . Drop 12 | . 6 6 . Fire 61 | . 28 33 . Melee . | . . . . Ram . | . . . . Kick 1 | . 1 . . Crush . | . . . . Escape Stasis . | . . . . Rewire . | . . . . Trap . | . . . . Miscellaneous . | . . . . Route ------- -11/Scrapyard -10/Materials (discovered 5 exits: [*Mat x3] / [*Min x2]) -9/Materials (discovered 2 exits: *Min x2) -9/Mines History --------- Turn | Location | Event 8 | -11/Scrapyard | Discovered new exit (range 16) 77 | -11/Scrapyard | Entered Materials 235 | -10/Materials | Discovered new exit (range 11) 332 | -10/Materials | Build established: Mutant 392 | -10/Materials | Discovered new exit (range 12) 656 | -10/Materials | Discovered new exit (range 7) 755 | -10/Materials | Discovered new exit (range 16) 1117 | -10/Materials | Discovered new exit (range 15) 1500 | -10/Materials | Entered another Materials area 1500 | -9/Materials | Evolved 2 slots: Utility x2 1667 | -9/Materials | Discovered new exit (range 11) 1745 | -9/Materials | Identified exit to Mines 1856 | -9/Materials | Crushed by falling debris 1866 | -9/Materials | Crushed by falling debris 1889 | -9/Materials | System corruption reached 10% 1899 | -9/Materials | Core integrity fell below 50% 1903 | -9/Materials | Lost 10 parts (2p3n2u3w) 2011 | -9/Materials | Discovered exit to Mines (range 14) 2048 | -9/Materials | Core integrity fell below 20% 2121 | -9/Materials | Destroyed 8 combat bots 2229 | -9/Materials | Entered Mines 2231 | -9/Mines | Destroyed by G-47 Trooper with Particle Gun Last Messages --------------- 02199_ U-05 Engineer builds a Wall. 02200_ U-05 Engineer lays Concrete. 02200_ U-05 Engineer builds a Wall. 02201_ System corrupted: Matter fused (-7). 02202_ U-05 Engineer lays Concrete. 02211_ K-01 Serf collects debris. 02216_ U-05 Engineer builds a Wall. 02220_ R-06 Scavenger collects Lgt. Treads. 02221_ R-06 Scavenger inserts Lgt. Treads into recycling unit. 02222_ Recycling unit begins recycling process. 02223_ Acquired 47 matter. 02224_ R-06 Scavenger inserts Lgt. Ion Engine into recycling unit. 02224_ Lgt. Cannon destroyed. 02225_ R-06 Scavenger collects Lgt. Treads. 02226_ System corrupted: Matter fused (-9). 02228_ Mni. Grenade Launcher destroyed. LOCATION=MINES GOAL=ESCAPE Something is scanning the area. 02231_ Identified Adv. Beam Cannon. Map ----- +----------------------------------------------------+ | ??????????????????????????????????????????? | | ??????????????????????????????????????????? | | ??????????????????????????????????????????? | | ??????????????????????????????????????????? | | ??????????????????????????????????????????? | | ??????????????????????????????????????????? | | ??????????????????????????????????????????? | | ??????????????????????????????????????????? | | ??????????????????????????????????????????? | | ??????????????????????????????????????????? | | ??????????????????????????????????????????? | | ??????????????????????????????????????????? | | ??????????????????????????????????????????? | | ??????????????????????????????????????????? | | ??????????????????????????????????????????? | | ??????????????????????????????????????????? | | ?????????????????????#????????????????????? | | ?????????????????????# ???????????????????? | | ???????????????????### ???????????????????? | | ???????????????????# #??????????????????? | | ????????????????????# g ###???????????????? | | ?????????????????????# ##??????????????? | | ??????????????????????# #####??????????? | | ??????????????????????#g g ???????????? | | ???????????????????????# #??????????????? | | ???????????????????????##@ #??????????????? | | ??????????????????????? $ #??????????????? | | ??????????????????????### #??????????????? | | ????????????????????????# #??????????????? | | ????????????????????????# #??????????????? | | ???????????????????????? #??????????????? | | ???????????????????????? #??????????????? | | ???????????????????????? #??????????????? | | ???????????????????????? ??????????????? | | ???????????????????????? ??????????????? | | ???????????????????????? ??????????????? | | ???????????????????????? ??????????????? | | ???????????????????????? ??????????????? | | ????????????????????????## ?????????????? | | ??????????????????????????# ?????????????? | | ???????????????????????????#??????????????? | | ??????????????????????????????????????????? | | ??????????????????????????????????????????? | | ??????????????????????????????????????????? | | ??????????????????????????????????????????? | | ??????????????????????????????????????????? | | | | | | | | | +----------------------------------------------------+ Best States ------------- Heat Dissipation 28 Energy Generation 10 Energy Capacity 250 Matter Stores 300 Matter Capacity 300 Sight Range 16 Terrain Scan Range 14 Terrain Scan Density 10 ECM Strength 1 Resistance: KI 20 Resistance: TH 20 Resistance: EX 20 Resistance: EM 20 Resistance: I 20 Resistance: S 20 Resistance: P 20 Evasion (%) 55 Recoil Reduction 1 Offensive Hacking 10 Item Schematics ----------------- None Robot Schematics ------------------ None Fabricated ------------ Nothing Repaired ---------- Nothing Studied --------- None Alien Tech Used ----------------- None Achievements -------------- A Problem For Future Me Hydra Challenges ------------ None Game ------ Seed SalvagePiercelightExtractor Manual? 0 Play Time 00:27:19 Cumulative 10.8 hours Start 2026.06.30 @ 09:54:43 End 2026.06.30 @ 11:31:41 Sessions 2 Manual Loads 0 Difficulty Adventurer Special Mode None Game No. 17 Rogue 8 Adventurer 9 Explorer 0 Win Type - Total 0 Types 0/0/0/0/0/0/0/0/0/0 Lore% 8 Gallery% 10 Achievement% 10 Wizard Run 0 Options --------- Layout 0 ASCII 0 Keyboard 1 Movement Vi Keybinds 0 Fullscreen 1 Font 24/Smallcaps Map View 76x50 Zoom Use 0% Tactical HUD 1 Map Filters NONE Filters NONE Steam 1 RUN: 94d55b78-6635-4ce8-b359-bfd4240084e8